 Dungeon Crawl Stone Soup version 0.29.0-4-gdea44cf6ec (webtiles) character file.

Game seed: 1889645181835110933

156 qw the Chopper (level 5, -2/30 HPs)
             Began as a Tengu Warper on Aug 28, 2022.
             Was an Initiate of Okawaru.
             Slain by Duvessa
             ... wielding a +0 short sword
              (3 damage)
             ... on level 4 of the Dungeon.
             The game lasted 00:00:26 (4181 turns).

qw the Chopper (Tengu Warper)                       Turns: 4181, Time: 00:00:26

Health: -2/30      AC: 11    Str: 10 (12) XL:     5   Next: 38%
Magic:  9/9        EV:  5    Int: 16 (18) God:    Okawaru [......]
Gold:   214        SH:  0    Dex: 11 (12) Spells: 8/8 levels left

rFire   + . .      SeeInvis .   Y - +1 hand axe
rCold   + . .      Faith    .   (no shield)
rNeg    . . .      Spirit   .   a - +0 chain mail
rPois   .          Reflect  .   (helmet restricted)
rElec   .          Harm     .   d - scarf {rC+ rF+}
rCorr   .          Rampage  .   j - +0 pair of gloves
Will    .....                   (boots unavailable)
Stlth   ..........              l - amulet of the acrobat
HPRegen 0.10/turn               (no ring)
MPRegen 0.11/turn               (no ring)

@: flying quickly and evasively, quick
A: beak, talons 3, nimble flight, iridescent scales 1, camouflage 1, clever 1
a: Renounce Religion


You were on level 4 of the Dungeon.
You worshipped Okawaru.
Okawaru was noncommittal.
You visited 2 branches of the dungeon, and saw 5 of its levels.

You collected 214 gold pieces.


Innate Abilities, Weirdness & Mutations

You have a beak for a mouth.
You have claws for feet.
Your magical nature lets you fly swiftly and evasively.
You are partially covered in iridescent scales. (AC +2)
Your skin changes colour to match your surroundings (Stealth+).
Your mind is acute. (Int +4, Str/Dex -1)


   Skills:
 - Level 2.0 Fighting
 + Level 5.7 Axes
 - Level 1.0 Throwing
 - Level 2.0 Armour
 - Level 2.1 Dodging
 - Level 2.0 Spellcasting
 - Level 2.4 Translocations


You had 8 spell levels left.
You didn't know any spells.
Your spell library contained the following spells:

 Spells                   Type           Power      Damage    Failure   Level
 Blink                    Tloc           18%        N/A       100%        2
 Gell's Gravitas          Tloc           9%         N/A       100%        3
 Lesser Beckoning         Tloc           9%         N/A       100%        3
 Teleport Other           Tloc           9%         N/A       100%        3
 Manifold Assault         Tloc           9%         N/A       100%        5

Inventory:

Hand Weapons
 g - a +0 whip
 Y - a +1 hand axe (weapon)
Armour
 a - a +0 chain mail (worn)
 d - a scarf of resistance (worn)
 j - a +0 pair of gloves (worn)
Jewellery
 l - an amulet of the acrobat (around neck)
Scrolls
 h - a scroll of identify
Potions
 c - a potion of haste {unknown}
 e - 2 potions of mutation
 k - 2 potions of curing
 n - a potion of heal wounds {unknown}
 o - a potion of might {unknown}

Dungeon Overview and Level Annotations

Branches:
Dungeon (4/15)             Temple (1/1) D:4

Altars:
Ashenzari
Cheibriados
Dithmenos
Elyvilon
Fedhas
Gozag
Hepliaklqana
Makhleb
Nemelex Xobeh
Okawaru
Qazlal
Sif Muna
Trog
Uskayaw
Vehumet
Wu Jian
Xom
Yredelemnul
Zin
The Shining One

Shops:
D:1 (   D:3 *

Annotations:
D:3 2 transporters, qw's ghost, amateur TeWr
D:4 Dowan; Duvessa


Message History

Duvessa shouts!
Dowan zaps a wand.
The puff of flame misses you.
Dowan zaps a wand.
The puff of flame misses you.
You hit Dowan but do no damage. You hit Duvessa but do no damage.
Your kick misses Duvessa.
Dowan mumbles some strange words.
Dowan blinks!
Duvessa hits you with a +0 short sword!
You hit Duvessa but do no damage. You claw Duvessa, but do no damage.
Duvessa barely misses you.
You hit Duvessa but do no damage. You claw Duvessa, but do no damage.
Duvessa hits you with a +0 short sword. Duvessa barely misses you.
You barely miss Duvessa. You claw Duvessa. Your peck misses Duvessa.
You punch Duvessa, but do no damage.
Duvessa is lightly wounded.
Duvessa hits you with a +0 short sword.
You hit Duvessa but do no damage. You peck Duvessa, but do no damage.
Duvessa is lightly wounded.
You hit Dowan. Duvessa hits you with a +0 short sword!
Dowan hits you but does no damage. Duvessa hits you but does no damage.
You hit Duvessa. You claw Duvessa, but do no damage.
Duvessa is lightly wounded.
You hit Dowan. Dowan hits you but does no damage.
Duvessa hits you but does no damage.
Dowan zaps a wand.
The puff of flame hits you. You resist.
You barely miss Duvessa.
Duvessa is lightly wounded.
You hit Dowan. Duvessa hits you with a +0 short sword.
Duvessa hits you but does no damage.
Dowan zaps a wand.
The puff of flame hits you but does no damage.
You closely miss Dowan.
Dowan is moderately wounded.
You closely miss Duvessa. Duvessa hits you with a +0 short sword.
Dowan hits you but does no damage.
You barely miss Dowan.
Dowan is moderately wounded.
You hit Duvessa but do no damage. Duvessa hits you with a +0 short sword.
You die...

###### ####
#....##### #... .
#........# #.##
....####........#
#.##
......e@e.......#
#.##
########........#
#.#. #........##
#.#. #####.....#
#... #.....##
###. #......# #.
# #....#.## #.
..#.......# #.
..#
#.#.......#####


You could see Duvessa (fast) and Dowan.

Vanquished Creatures
  5 adders
  An ufetubus (D:4)
  2 dart slugs (D:1)
  9 orcs
  9 ball pythons
  2 endoplasms (D:1)
  2 giant cockroaches
  4 hobgoblins
  7 kobolds
  6 quokkas
  6 bats
  10 frilled lizards
  6 goblins
  4 rats
73 creatures vanquished.

Vanquished Creatures (others)
  An orc wizard (D:3)
  7 plants
8 creatures vanquished.

Grand Total: 81 creatures vanquished

Notes
Turn   | Place    | Note
-------+----------+-------------------------------------------
     0 | D:1      | qw the Tengu Warper began the quest for the Orb.
     0 | D:1      | Reached XP level 1. HP: 12/12 MP: 4/4
     0 | D:1      | 0 ||| qw: Version: 0.1-a-89-g26bdef1
     0 | D:1      | 0 ||| qw: Game counter: 1632
     0 | D:1      | 0 ||| qw: Always use a shield: true
     0 | D:1      | 0 ||| qw: God list: Okawaru
     0 | D:1      | 0 ||| qw: Allow faded altars: false
     0 | D:1      | 0 ||| qw: Do Orc after D:15 true
     0 | D:1      | 0 ||| qw: Do second Lair branch before Depths: true
     0 | D:1      | 0 ||| qw: Lair rune preference: random
     0 | D:1      | 0 ||| qw: Plans: Normal
     0 | D:1      | 0 ||| PLANNING D:1-11
    17 | D:1      | Found Vaepnona's Antique Weapon Shoppe.
    31 | D:1      | 31 ||| SHOPLISTING club (29 gold, have 0).
    31 | D:1      | 31 ||| SHOPLISTING runed flail (188 gold, have 0).
    31 | D:1      | 31 ||| SHOPLISTING scorched morningstar (261 gold, have 0).
    31 | D:1      | 31 ||| SHOPLISTING war axe (101 gold, have 0).
    88 | D:1      | 88 ||| Stepping ~*~*~tactically~*~*~ (hiding).
   190 | D:1      | 190 ||| Stepping ~*~*~tactically~*~*~ (hiding).
   292 | D:1      | 292 ||| Stepping ~*~*~tactically~*~*~ (hiding).
   410 | D:1      | Reached skill level 3 in Axes
   410 | D:1      | Reached XP level 2. HP: 17/17 MP: 6/6
   444 | D:1      | 444 ||| Stepping ~*~*~tactically~*~*~ (hiding).
   445 | D:1      | 445 ||| Stepping ~*~*~tactically~*~*~ (hiding).
  1272 | D:1      | 1272 ||| UPGRADING to +0 ring mail.
  1282 | D:1      | 1282 ||| DROPPING +0 leather armour.
  1283 | D:1      | 1283 ||| UPGRADING to +0 pair of gloves.
  1288 | D:1      | 1288 ||| UPGRADING to amulet of the acrobat.
  1293 | D:1      | 1293 ||| READING 4 scrolls labelled RIADAO PESOA.
  1294 | D:1      | 1294 ||| READING 2 scrolls labelled TIR IBBOBBITIQ.
  1295 | D:1      | 1295 ||| READING scroll labelled POZOIPNOYNU.
  1296 | D:1      | 1296 ||| READING scroll labelled VUEHILI KEOS.
  1297 | D:1      | 1297 ||| DRINKING 2 fizzy red potions.
  1297 | D:1      | Gained mutation: Your skin changes colour to match your
                  | surroundings (Stealth+). [potion of mutation]
  1297 | D:1      | Gained mutation: Your mind is acute. (Int +4, Str/Dex -1)
                  | [potion of mutation]
  1297 | D:1      | Gained mutation: You are partially covered in iridescent
                  | scales. (AC +2) [potion of mutation]
  1298 | D:1      | 1298 ||| DRINKING 2 smoky brown potions.
  1299 | D:1      | 1299 ||| DROPPING 3 scrolls of butterflies.
  1300 | D:1      | 1300 ||| DROPPING scroll of blinking.
  1301 | D:1      | 1301 ||| DROPPING scroll of noise.
  1319 | D:2      | Reached XP level 3. HP: 21/21 MP: 7/7
  1435 | D:2      | Found a faded altar of an unknown god.
  1485 | D:2      | Reached skill level 4 in Axes
  1485 | D:2      | 1485 ||| Stepping ~*~*~tactically~*~*~ (stealth).
  1751 | D:2      | 1751 ||| Stepping ~*~*~tactically~*~*~ (stealth).
  1753 | D:2      | 1753 ||| Stepping ~*~*~tactically~*~*~ (stealth).
  1757 | D:2      | Reached XP level 4. HP: 26/26 MP: 8/8
  1896 | D:2      | 1896 ||| UPGRADING to +0 chain mail.
  1906 | D:2      | 1906 ||| UPGRADING to scarf of resistance.
  1911 | D:2      | 1911 ||| DROPPING +0 ring mail.
  1953 | D:3      | Found a transporter.
  1953 | D:3      | Identified the +8 dire flail of Itasmai {drain, Str+3}
  1953 | D:3      | Noticed an ogre
  2016 | D:3      | 2016 ||| DROPPING +0 club.
  2252 | D:3      | 2252 ||| DRINKING potion of curing.
  2252 | D:3      | 2252 ||| (to cure confusion)
  2263 | D:3      | 2263 ||| FLEEEEING.
  2264 | D:3      | 2264 ||| FLEEEEING.
  2272 | D:3      | 2272 ||| FLEEEEING.
  2273 | D:3      | 2273 ||| FLEEEEING.
  2274 | D:3      | 2274 ||| FLEEEEING.
  2275 | D:3      | 2275 ||| FLEEEEING.
  2276 | D:3      | 2276 ||| FLEEEEING.
  2277 | D:3      | 2277 ||| FLEEEEING.
  2278 | D:3      | 2278 ||| FLEEEEING.
  2279 | D:3      | 2279 ||| FLEEEEING.
  2280 | D:3      | 2280 ||| FLEEEEING.
  2281 | D:3      | Reached skill level 5 in Axes
  2286 | D:3      | 2286 ||| FLEEEEING.
  2287 | D:3      | 2287 ||| FLEEEEING.
  2288 | D:3      | 2288 ||| FLEEEEING.
  2289 | D:3      | 2289 ||| FLEEEEING.
  2290 | D:3      | 2290 ||| FLEEEEING.
  2291 | D:3      | 2291 ||| FLEEEEING.
  2292 | D:3      | 2292 ||| FLEEEEING.
  2293 | D:3      | 2293 ||| FLEEEEING.
  2294 | D:3      | 2294 ||| FLEEEEING.
  2295 | D:3      | 2295 ||| FLEEEEING.
  2296 | D:3      | 2296 ||| FLEEEEING.
  2297 | D:3      | 2297 ||| FLEEEEING.
  2298 | D:3      | 2298 ||| FLEEEEING.
  2299 | D:3      | 2299 ||| FLEEEEING.
  2300 | D:3      | 2300 ||| STAIRDANCE
  2411 | D:2      | 2411 ||| READING scroll labelled RUPHEEL KEBRO.
  2415 | D:2      | 2415 ||| DRINKING 2 amethyst potions.
  2416 | D:2      | 2416 ||| DROPPING potion of magic.
  2440 | D:3      | Noticed qw's ghost (amateur TeWr)
  2441 | D:3      | Found a transporter.
  2522 | D:3      | Found Fueximagh's General Store.
  2532 | D:3      | 2532 ||| SHOPLISTING ring of protection from fire (350
                  | gold, have 157).
  2607 | D:3      | Identified the +9 dagger of Triumph {antimagic, rElec Str+3
                  | Int+7 Dex+2}
  2609 | D:3      | 2609 ||| Stepping ~*~*~tactically~*~*~ (stealth).
  2615 | D:3      | 2615 ||| Stepping ~*~*~tactically~*~*~ (stealth).
  2647 | D:3      | Gained mutation: Your magical nature lets you fly swiftly
                  | and evasively. [Tengu growth]
  2647 | D:3      | Reached XP level 5. HP: 26/30 MP: 9/9
  2654 | D:3      | 2654 ||| FLEEEEING.
  2655 | D:3      | 2655 ||| FLEEEEING.
  2656 | D:3      | 2656 ||| FLEEEEING.
  2657 | D:3      | 2657 ||| FLEEEEING.
  2658 | D:3      | 2658 ||| FLEEEEING.
  2662 | D:3      | 2662 ||| FLEEEEING.
  2709 | D:3      | 2709 ||| Stepping ~*~*~tactically~*~*~ (stealth).
  3154 | D:3      | 3154 ||| READING scroll labelled RUSAGE GIDODAR.
  3155 | D:3      | 3155 ||| READING scroll labelled SIONI WOETWEM.
  3156 | D:3      | 3156 ||| DRINKING 2 sedimented sapphire potions.
  3157 | D:3      | 3157 ||| DRINKING 2 blue potions.
  3158 | D:3      | 3158 ||| DROPPING potion of degeneration.
  3159 | D:3      | 3159 ||| DROPPING potion of attraction.
  3160 | D:3      | 3160 ||| READING scroll of teleportation.
  3194 | D:4      | 3194 ||| STAIRDANCE
  3231 | D:4      | Found a staircase to the Ecumenical Temple.
  3232 | D:4      | 3232 ||| PLANNING TEMPLE
  3238 | D:4      | 3238 ||| Stepping randomly (stuck).
  3422 | Temple   | Entered the Ecumenical Temple
  3605 | Temple   | Became a worshipper of Warmaster Okawaru
  3822 | Temple   | 3822 ||| PLANNING D:1-11
  4167 | D:4      | Noticed Dowan
  4168 | D:4      | 4168 ||| Stepping ~*~*~tactically~*~*~ (hiding).
  4169 | D:4      | 4169 ||| Stepping ~*~*~tactically~*~*~ (hiding).
  4170 | D:4      | Noticed Duvessa
  4178 | D:4      | HP: 5/30 [Dowan/puff of flame (4)]
  4180 | D:4      | HP: 1/30 [Duvessa/+0 short sword (3)]
  4181 | D:4      | Slain by Duvessa

Levels and vault maps discovered:
D:1:      psy_arrival_dodecagon, layout_basic, serial_shops,
          nicolae_shop_waterfront
D:2:      layout_basic, shapermc_ecumenical_altar_starsandcircs,
          minmay_lizard_king
D:3:      layout_basic, serial_shops, nicolae_shop_hallway_plus,
          gammafunk_ghost_smash, serial_bayou_pond_b, grunt_ministairs_10
D:4:      layout_basic, minmay_temple_entry_grid, gammafunk_ghost_mausoleum,
          uniq_duvessa
Temple:   mainiacjoe_temple_big_plus

Skill      XL: |  1  2  3  4  5 |
---------------+----------------+-----
Axes           | 3 4 5 |  5.7
Armour         | 2 |  2.0
Fighting       | |  2.0
Throwing       | |  1.0
Dodging        | |  2.1
Spellcasting   | |  2.0
Translocations | |  2.4

Action                   |  1- 3 |  4- 6 || total
-------------------------+-------+-------++-------
Melee: Hand axe          |    76 |   128 ||   204
       Kick              |    11 |    23 ||    34
       Peck              |     9 |    10 ||    19
       Punch             |       |     1 ||     1
Throw: Boomerang         |     7 |       ||     7
  Use: Scroll            |     4 |     4 ||     8
       Potion            |     2 |     4 ||     6
 Stab: Sleeping          |     1 |       ||     1
Armor: Leather armour    |     4 |       ||     4
       Ring mail         |    17 |     1 ||    18
       Chain mail        |       |    91 ||    91
Dodge: Dodged            |    33 |    57 ||    90

Table legend:
 A = Non-vault XP
 B = Vault XP
 C = Vault XP percentage of total XP
 D = Non-vault monster count
 E = Vault monster count
 F = Vault count percentage of total count
                 A         B        C        D         E       F
            +---------+---------+-------+---------+---------+-------
      Total |     209 |      15 |   6.7 |      63 |      11 |  14.9
            +---------+---------+-------+---------+---------+-------
        D:1 |      32 |       0 |   0.0 |      17 |       0 |   0.0
        D:2 |      52 |       8 |  13.3 |      11 |       8 |  42.1
        D:3 |     102 |       7 |   6.4 |      26 |       3 |  10.3
        D:4 |      23 |       0 |   0.0 |       9 |       0 |   0.0
            +---------+---------+-------+---------+---------+-------
